 Dungeon Crawl Stone Soup version 0.22-a0-439-gac93bac (webtiles) character file.

49 Borgoz the Ruffian (level 3, 0/30 HPs)
             Began as a Ghoul Gladiator on May 29, 2018.
             Slain by Terence
             ... wielding a +0 mace of holy wrath
              (10 damage)
             ... on level 2 of the Dungeon.
             The game lasted 00:01:10 (454 turns).

Borgoz the Ruffian (Ghoul Gladiator)                 Turns: 454, Time: 00:01:11

Health: 0/30       AC:  4    Str: 17    XL:     3   Next: 75%
Magic:  2/2        EV: 12    Int:  3    God:
Gold:   53         SH:  0    Dex: 11    Spells: 2/2 levels left

rFire    . . .     SeeInvis .     - Unarmed
rCold    + . .     Gourm    .   (no shield)
rNeg     + + +     Faith    .   a - +0 leather armour
rPois    ∞         Spirit   .   b - +0 helmet
rElec    .         Reflect  .   (no cloak)
rCorr    .         Harm     .   (no gloves)
MR       .....                  (no boots)
Stlth    +.........             (no amulet)
HPRegen  0.00/turn              (no ring)
MPRegen  0.08/turn              (no ring)

@: rotting
A: rotting body, claws 1, carnivore, cold resistance 1, negative energy
resistance 3, inhibited regeneration, torment resistance, unbreathing
a: no special abilities


You were on level 2 of the Dungeon.
You were not hungry.

You visited 1 branch of the dungeon, and saw 2 of its levels.

You collected 53 gold pieces.

Inventory:

Missiles
 c - 3 throwing nets (quivered)
Armour
 a - a +0 leather armour (worn)
 b - a +0 helmet (worn)
Scrolls
 e - 2 scrolls of identify {unknown}
 g - 2 scrolls of fog {unknown}
 i - a scroll of immolation {unknown}
 k - a scroll of remove curse {unknown}
Potions
 h - 2 potions of mutation {unknown}
 j - a potion of curing
Comestibles
 d - 3 rations
 f - 2 chunks of flesh


   Skills:
 + Level 2.6 Fighting
 - Level 1.7 Throwing
 * Level 1.5 Armour
 * Level 3.2 Dodging
 + Level 3.6 Unarmed Combat


You had 2 spell levels left.
You didn't know any spells.
Your spell library was empty.

Dungeon Overview and Level Annotations

Branches:
Dungeon (2/15)

Altars:

Annotations:
D:2 Terence


Innate Abilities, Weirdness & Mutations

Your body is rotting away.
You thrive on raw meat.
You are immune to poison.
You have sharp fingernails.
You are carnivorous and can eat meat at any time.
Your flesh is cold resistant. (rC+)
You are immune to negative energy. (rN+++)
You do not regenerate when monsters are visible.
You are immune to unholy pain and torment.
You can survive without breathing.


Message History

Terence is nearby!
Terence is nearby!
You scratch Terence.
Terence is lightly wounded.
Terence hits you with a mace of holy wrath.
You convulse.
You barely miss Terence.
Terence is lightly wounded.
Terence completely misses you.
You barely miss Terence.
Terence is lightly wounded.
You barely miss Terence.
Terence is lightly wounded.
Terence hits you with a mace of holy wrath.
You convulse.
You scratch Terence but do no damage.
Terence is lightly wounded.
Terence hits you with a mace of holy wrath!
You convulse!
You die...

##.#.##...## #
.....#.)...## .#
##.##.......####.#
.............#.... #
.#..#..........# ##.
.#.)(..........# ...
##.####........###.#
.≈.#####.#...#....?#
♣P≈....)....####@###
≈≈≈...#...######@#
≈≈≈...†...........
.P♣.......#####.###
#..........# #.
#.......#..# #.
..#...#.#..# #. #
#...#.#..# #.
##.##.#...


You could see Terence.

Vanquished Creatures
  2 oozes
  3 dart slugs
  2 ball pythons (D:1)
  2 bats (D:1)
  A giant cockroach (D:2)
  6 goblins
  3 hobgoblins (D:1)
  6 kobolds (D:1)
  A quokka (D:2)
  3 frilled lizards
  2 rats (D:1)
31 creatures vanquished.

Notes
Turn   | Place    | Note
-------+----------+-------------------------------------------
     0 | D:1      | Borgoz the Ghoul Gladiator began the quest for the Orb.
     0 | D:1      | Reached XP level 1. HP: 17/17 MP: 0/0
    73 | D:1      | Reached XP level 2. HP: 25/25 MP: 1/1
   133 | D:1      | Reached skill level 1 in Armour
   145 | D:1      | Reached XP level 3. HP: 25/30 MP: 2/2
   448 | D:2      | Noticed Terence
   454 | D:2      | Slain by Terence

Vault maps used:
D:1:      ncdulo_halloftheorcs, minmay_split_cup_small
D:2:      first_ration, serial_bayou_pond_e, uniq_terence

Skill      XL: |  1  2 |
---------------+-------+-----
Dodging        | 3 |  3.2
Armour         | 1 |  1.5
Fighting       | |  2.6
Throwing       | |  1.7
Unarmed Combat | |  3.6

Action                   || total
-------------------------++-------
Melee: Unarmed           ||    88
  Use: Potion            ||     1
  Eat: Chunk             ||     7
Armor: Leather armour    ||    22
Dodge: Dodged            ||    55

Table legend:
 A = Spawn XP
 B = Non-spawn XP
 C = Spawn XP percentage of total XP
 D = Spawn monster count
 E = Non-spawn monster count
 F = Spawn count percentage of total count
 G = Total turns spent on level
                    A         B        C        D         E        F      G
               +---------+---------+-------+---------+---------+-------+---------
         Total |       0 |      70 |   0.0 |       0 |      31 |   0.0 |   454
               +---------+---------+-------+---------+---------+-------+---------
           D:1 |       0 |      48 |   0.0 |       0 |      22 |   0.0 |   351
           D:2 |       0 |      22 |   0.0 |       0 |       9 |   0.0 |   103
               +---------+---------+-------+---------+---------+-------+---------
